 Dungeon Crawl Stone Soup version 0.18.1-48-g4cf74bf (webtiles) character file.

569 tyranidshit the Fighter (level 7, -1/62 HPs)
             Began as a Demonspawn Abyssal Knight on Sept 10, 2016.
             Was a Priest of Lugonu.
             Slain by a hound (3 damage)
             ... on level 5 of the Dungeon.
             The game lasted 00:12:00 (3155 turns).

tyranidshit the Fighter (Demonspawn Abyssal Knight) Turns: 3155, Time: 00:12:01

Health: -1/62      AC: 18    Str: 12    XL:     7   Next: 11%
Magic:  8/8        EV:  5    Int: 14    God:    Lugonu [***...]
Gold:   194        SH:  0    Dex: 10    Spells: 0 memorised, 6 levels left

rFire  + . .     SeeInvis .     a - +2 hand axe
rCold  . . .     Gourm    .     i - +0 chain mail
rNeg   . . .     Faith    .     (no shield)
rPois  .         Spirit   .     (helmet restricted)
rElec  .         Dismiss  .     g - +1 cloak
rCorr  .         Reflect  .     j - +0 pair of gloves
SustAt .         Harm     .     (no boots)
MR     .....                    (no amulet)
Stlth  ..........               (no ring)
                                (no ring)

@: lethally poisoned (-1 -> -1), not resistant to hostile enchantments,
extremely unstealthy
A: horns 1, rough black scales 2, fire resistance 1, weak 1, flame cloud
immunity
a: Depart the Abyss, Bend Space, Banish, Renounce Religion


You were on level 5 of the Dungeon.
You worshipped Lugonu.
Lugonu was most pleased with you.
You were not hungry.

You visited 1 branch of the dungeon, and saw 6 of its levels.
You visited the Abyss 1 time.

You collected 194 gold pieces.

Inventory:

Hand Weapons
 a - a +2 hand axe (weapon)
Armour
 b - a +0 leather armour
 d - a +0 robe
 g - a +1 cloak (worn)
 i - a +0 chain mail (worn)
 j - a +0 pair of gloves (worn)
 r - a +0 chain mail
Jewellery
 f - the ring of Yhowiom {*Tele *Contam rN+ Int+4}
   (You found it on level 3 of the Abyss)

   [ring of teleportation]

   It may teleport you next to monsters.
   It affects your intelligence (+4).
   It protects you from negative energy.
   It causes magical contamination when unequipped.
 m - an uncursed amulet of inaccuracy
Wands
 o - a wand of digging (14/24)
Scrolls
 e - 6 scrolls of identify
 h - a scroll of immolation
 k - 2 scrolls of remove curse
 l - 4 scrolls of teleportation
 n - 2 scrolls of enchant weapon
Comestibles
 c - 2 bread rations
 p - 5 fruits
 s - a slice of pizza


   Skills:
 + Level 8.0 Fighting
 - Level 2.0 Axes
 - Level 1.9 Armour
 - Level 1.1 Dodging
 - Level 2.5 Invocations


You had 6 spell levels left.
You didn't know any spells.

Dungeon Overview and Level Annotations

Branches:
Dungeon (6/15)
 Temple: D:4-7

Altars:
Gozag
Kikubaaqudgha
Pakellas
Qazlal
Ru
Vehumet

Annotations:
D:3 Ijyb
D:4 Crazy Yiuf; Hector's ghost, amateur HuFi
D:5 Menkaure
D:6 junkhipster's ghost, novice GrFi


Innate Abilities, Weirdness & Mutations

You have a pair of small horns on your head.
You are mostly covered in rough black scales (AC +7, Dex -2).
Your flesh is heat resistant.
You are immune to clouds of flame.
You are weak. (Str -2)


Message History

The adder bites you but does no damage.
The hound pauses to sniff the ground.
The hound bites you but does no damage.
Unknown command.
You hit the adder but do no damage.
The adder is almost dead.
You hit the hound.
The hound is moderately wounded.
You feel sick. The adder bites you but does no damage.
The hound bites you but does no damage. The adder bites you but does no damage.
Unknown command.
Unknown command.
Your chain mail prevents you from hitting the adder.
The adder is almost dead.
You hit the hound.
The hound is moderately wounded.
You hit the crimson imp.
The crimson imp is heavily wounded.
The hound bites you.
You die...

#.........##
##....%.....#
...........#
..........#
#..........
####..........
#.............
#..@S......
#.5h......#
............# M§
####......<.... .#
.###.#........#
M#......##.....#.#
.#.. .. ......# #
.# ###..5 ...
####### .###.h.#


You could see a hound, a crimson imp and an adder.

Vanquished Creatures
  Sigmund (D:6)
  A crimson imp (D:6)
  2 hounds
  An orc priest (D:3)
  A jelly (D:6)
  3 orc wizards
  2 worker ants
  5 adders
  An ooze (D:5)
  3 worms
  A dart slug (D:2)
  3 giant geckos
  9 orcs
  2 ball pythons
  7 bats
  3 giant cockroaches
  8 goblins
  10 hobgoblins
  A jackal (D:3)
  2 giant newts
  6 kobolds
  7 rats
79 creatures vanquished.

Notes
Turn   | Place    | Note
--------------------------------------------------------------
     0 | Abyss:1  | tyranidshit the Demonspawn Abyssal Knight began the quest for the Orb.
     0 | Abyss:1  | Reached XP level 1. HP: 18/18 MP: 2/2
   105 | Abyss:2  | Noticed a neqoxec
   134 | Abyss:3  | Noticed a golden dragon simulacrum
   140 | Abyss:3  | Got a steaming turquoise ring
   141 | Abyss:3  | Noticed a dire elephant skeleton
   141 | D:1      | Escaped the Abyss
   142 | D:1      | Identified the ring of Yhowiom {*Tele *Contam rN+ Int+4} (You found it on level 3 of the Abyss)
   222 | D:1      | Reached skill level 1 in Dodging
   237 | D:1      | Reached * piety under Lugonu
   255 | D:1      | Gained mutation: You are partially covered in rough black scales (AC +4, Dex -1). [demonic ancestry]
   255 | D:1      | Reached XP level 2. HP: 12/24 MP: 3/3
   257 | D:1      | Gained mutation: You are weak. (Str -2) [mutagenic glow]
   887 | D:2      | Gained mutation: Your flesh is heat resistant. [demonic ancestry]
   887 | D:2      | Reached XP level 3. HP: 23/30 MP: 4/4
   908 | D:2      | Reached skill level 4 in Fighting
  1112 | D:2      | Found a stormy altar of Qazlal.
  1149 | D:2      | Reached ** piety under Lugonu
  1225 | D:2      | Gained mutation: You are mostly covered in rough black scales (AC +7, Dex -2). [demonic ancestry]
  1225 | D:2      | Reached XP level 4. HP: 29/38 MP: 5/5
  1320 | D:2      | Found an ancient bone altar of Kikubaaqudgha.
  1320 | D:2      | Found a radiant altar of Vehumet.
  1321 | D:2      | Found an oddly glowing altar of Pakellas.
  1663 | D:3      | Reached skill level 5 in Fighting
  1674 | D:3      | Reached XP level 5. HP: 9/44 MP: 6/6
  1687 | D:3      | Noticed Ijyb
  2335 | D:4      | Noticed Hector's ghost (amateur HuFi)
  2454 | D:4      | Found an opulent altar of Gozag.
  2545 | D:4      | Reached skill level 6 in Fighting
  2711 | D:4      | Noticed Crazy Yiuf
  2767 | D:5      | Entered Level 5 of the Dungeon
  2781 | D:5      | Gained mutation: You are immune to clouds of flame. [demonic ancestry]
  2781 | D:5      | Reached XP level 6. HP: 30/53 MP: 7/7
  2792 | D:5      | Noticed Menkaure
  2796 | D:6      | Noticed Sigmund
  2820 | D:6      | Killed Sigmund
  2820 | D:6      | Reached *** piety under Lugonu
  2820 | D:6      | Reached skill level 7 in Fighting
  2953 | D:6      | Found a sacrificial altar of Ru.
  3049 | D:6      | Gained mutation: You have a pair of small horns on your head. [demonic ancestry]
  3049 | D:6      | Reached XP level 7. HP: 33/61 MP: 8/8
  3083 | D:6      | Noticed junkhipster's ghost (novice GrFi)
  3131 | D:6      | Reached skill level 8 in Fighting
  3153 | D:5      | HP: 3/62 [hound (2)]
  3155 | D:5      | Slain by a hound

Skill      XL: |  1  2  3  4  5  6  7 |
---------------+----------------------+-----
Dodging        | 1 |  1.1
Axes           | 2 |  2.0
Fighting       | 4 5 6 7 8 |  8.0
Armour         | |  1.9
Invocations    | |  2.5

Action                   |  1- 3 |  4- 6 |  7- 9 || total
-------------------------+-------+-------+-------++-------
Melee: Hand axe          |   124 |   235 |    19 ||   378
       Headbutt          |       |       |     3 ||     3
Invok: Depart the Abyss  |     1 |       |       ||     1
  Use: Scroll            |     9 |     2 |     2 ||    13
       Potion            |     2 |     8 |       ||    10
  Eat: Bread ration      |     1 |     1 |       ||     2
Armor: Leather armour    |    28 |       |       ||    28
       Chain mail        |    47 |   231 |    28 ||   306
Dodge: Dodged            |    60 |    62 |    10 ||   132
